Map: Cyber Forest LE

Players

herO - Winner!

  • Race: Protoss Protoss
  • Spawn Location: 11:00

Dear

  • Race: Protoss Protoss
  • Spawn Location: 5:00

Event: IEM Season 13: Katowice (2019)

VOD

Have the link to the VOD?

Description

Time

  • Played on: March 2, 2019, 9:40 a.m.
  • Length: 8:32

All games in this series

Show
View Real Time Build Order
Export as new Build Order

herO Protoss - Winner!

Build Orders: Phoenix Opening 

Get SALT Encoding   

  12  0:00  Probe  
  13  0:12  Probe  
  14  0:21  Pylon  
  14  0:24  Probe  
  15  0:35  Probe  
  15  0:39  Gateway  
  16  0:43  Probe, Assimilator  
  17  0:52  Probe  
  17  0:57  Assimilator  
  18  1:00  Probe  
  18  1:08  Probe  
  19  1:11  Gateway  
  20  1:20  Probe  
  21  1:27  Cybernetics Core  
  21  1:32  Probe  
  22  1:37  Pylon  
  22  1:44  Probe  
  23  1:56  Probe  
  24  2:03  Adept  
  24  2:04  Warp Gate, Adept  
  28  2:14  Stargate  
  28  2:21  Pylon  
  27  2:47  Nexus  
  27  2:49  Phoenix  
  29  3:05  Robotics Facility  
  29  3:09  Phoenix  
  29  3:19  Probe  
  32  3:27  Pylon, Phoenix  
  34  3:36  Probe  
  35  3:47  Immortal  
  35  3:48  Probe  
  36  4:00  Probe  
  41  4:04  Probe  
  41  4:07  Sentry  
  44  4:14  Probe  
  44  4:17  Immortal, Probe  
  46  4:28  Probe  
  46  4:30  Probe  
  52  4:35  Phoenix  
  52  4:41  Probe  
  52  4:42  Probe  
  52  4:43  Sentry  
  52  4:44  Pylon  
  56  4:46  Warp Prism  
  56  4:54  Probe x2  
  60  5:06  Probe  
  60  5:07  Twilight Council, Probe  
  62  5:09  Pylon  
  62  5:16  Assimilator  
  62  5:17  Assimilator  
  62  5:19  Probe x2, Resonating Glaives  
  64  5:21  Observer  
  65  5:34  Gateway  
  67  5:36  Gateway  
  67  5:40  Gateway x2  
  65  5:45  Adept  
  67  5:50  Gateway  
  67  5:56  Gateway  
  67  6:01  Warp Prism  
  69  6:18  Adept x2  
  71  6:23  Pylon  
  71  6:24  Pylon  
  73  6:28  Pylon  
  73  6:31  Adept  
  73  6:32  Adept  
  77  6:43  Adept  
  77  6:44  Adept x4  
  87  6:50  Pylon  
  87  7:07  Adept x7  
  101  7:29  Pylon  
  93  7:42  Adept x8  
  91  8:07  Adept x8  
Show
View Real Time Build Order
Export as new Build Order

Dear Protoss 

Build Orders: Phoenix Opening, Zealot Archon 

Get SALT Encoding   

  12  0:00  Probe  
  13  0:12  Probe  
  14  0:18  Pylon  
  14  0:24  Probe  
  15  0:33  Probe  
  15  0:37  Gateway  
  15  0:41  Probe  
  16  0:46  Assimilator  
  17  0:51  Probe  
  17  0:54  Assimilator  
  18  1:00  Probe  
  19  1:07  Gateway  
  19  1:08  Probe  
  19  1:17  Probe  
  20  1:25  Cybernetics Core  
  21  1:29  Probe  
  22  1:34  Pylon  
  22  1:41  Probe  
  23  1:52  Warp Gate  
  23  1:53  Probe  
  24  2:02  Sentry, Stalker  
  28  2:11  Pylon  
  28  2:24  Pylon  
  28  2:36  Nexus, Phoenix  
  28  2:42  Stalker  
  30  2:49  Stalker  
  32  2:53  Probe  
  33  3:04  Robotics Facility  
  33  3:06  Probe  
  34  3:15  Sentry  
  34  3:17  Pylon  
  34  3:18  Probe  
  37  3:30  Probe  
  38  3:41  Probe  
  38  3:45  Probe  
  39  3:48  Stalker  
  39  3:49  Probe, Stalker  
  39  3:50  Phoenix  
  39  3:53  Probe, Observer  
  46  3:57  Probe  
  48  4:03  Probe  
  48  4:05  Forge  
  49  4:13  Probe  
  49  4:15  Probe  
  51  4:18  Observer  
  51  4:20  Stalker  
  51  4:21  Stalker  
  56  4:26  Pylon, Probe  
  56  4:29  Probe  
  58  4:32  Protoss Ground Weapons Level 1  
  58  4:34  Probe  
  58  4:35  Assimilator  
  58  4:38  Assimilator  
  58  4:41  Probe  
  58  4:43  Phoenix  
  58  4:44  Probe  
  61  4:53  Probe  
  61  4:56  Probe  
  61  4:57  Pylon  
  63  5:06  Nexus  
  63  5:09  Probe  
  63  5:10  Probe  
  65  5:17  Twilight Council  
  65  5:21  Probe  
  65  5:22  Probe  
  65  5:23  Phoenix  
  65  5:24  Pylon  
  65  5:26  Charge  
  67  5:34  Probe x2  
  69  5:41  Gateway x2  
  69  5:45  Gateway  
  69  5:46  Gateway  
  69  5:58  Templar Archives  
  69  6:01  Zealot x2  
  69  6:04  Protoss Ground Weapons Level 2  
  67  6:23  Gateway x2  
  67  6:25  Zealot x2  
  69  6:32  Shield Battery  
  69  6:33  Shield Battery  
  69  6:36  High Templar  
  69  6:37  High Templar  
  69  6:39  High Templar  
  74  6:41  High Templar  
  74  6:44  Pylon, Archon x2  
  74  6:46  Zealot x2  
  77  7:07  Shield Battery  
  77  7:08  Shield Battery  
  77  7:09  High Templar  
  77  7:10  Zealot x2, High Templar  
  84  7:17  Zealot x2, Archon  
  84  7:18  Zealot  
  62  7:35  Stalker x3  
  64  7:38  Stalker x3  
  60  7:52  Stalker  
  60  7:54  Stalker  
  56  8:11  Pylon  

Tags
 
Add a new tag
Caveats
  • Supply blocks, unpowered buildings, or Contaminate may cause inaccurate times.
  • Supply counts are checked every 10 seconds.